 Dungeon Crawl Stone Soup version 0.21.1-1-g345015fe64 (webtiles) character file.

29169 skd the Fencer (level 13, -3/122 HPs)
             Began as a Minotaur Berserker on June 19, 2018.
             Was the Champion of Trog.
             Slain by an elephant (14 damage)
             ... on level 3 of the Lair of Beasts.
             The game lasted 00:42:40 (9570 turns).

skd the Fencer (Minotaur Berserker)                 Turns: 9570, Time: 00:42:41

Health: -3/122     AC: 21    Str: 27    XL:     13   Next: 13%
Magic:  12/12      EV: 15    Int:  4    God:    Trog [******]
Gold:   473        SH:  0    Dex: 12    Spells: 12/12 levels left

rFire    . . .     SeeInvis .   Y - +6 triple sword (holy)
rCold    + . .     Gourm    .   (shield currently unavailable)
rNeg     . . .     Faith    .   U - +1 chain mail "Diomiwk" {*Contam rC+ MR+}
rPois    .         Spirit   .   H - +1 hat
rElec    .         Reflect  .   (no cloak)
rCorr    .         Harm     .   C - +0 pair of gloves
MR       +++..                  T - +0 pair of boots
Stlth    ..........             G - amulet of magic regeneration
HPRegen  1.30/turn              z - +2 ring of strength
MPRegen  0.38/turn              S - +5 ring of protection

@: regenerating
A: retaliatory headbutt, horns 2
a: Berserk, Trog's Hand, Brothers in Arms, Burn Spellbooks, Renounce Religion


You were on level 3 of the Lair of Beasts.
You worshipped Trog.
Trog was exalted by your worship.
You were hungry.

You visited 3 branches of the dungeon, and saw 14 of its levels.

You collected 812 gold pieces.
You spent 339 gold pieces at shops.

Inventory:

Hand Weapons
 J - a +6 great sword of electrocution
 K - the +8 trident "Itoffiv" {pierce, MR+ MP+9, unknown}
   (You found it on level 5 of the Dungeon)

   It inflicts extra damage upon your enemies.
   It affects your resistance to hostile enchantments.
   It affects your magic capacity (+9).
 Y - a +6 triple sword of holy wrath (weapon)
Missiles
 g - 7 tomahawks of returning
 o - 33 bolts
 t - 317 arrows
 B - 11 tomahawks (quivered)
Armour
 C - a +0 pair of gloves (worn)
 H - a +1 hat (worn)
 T - a +0 pair of boots (worn)
 U - the +1 chain mail "Diomiwk" (worn) {*Contam rC+ MR+}
   (You found it on level 1 of the Lair of Beasts)

   It protects you from cold.
   It affects your resistance to hostile enchantments.
   It causes magical contamination when unequipped.
Jewellery
 e - an uncursed ring of fire
 n - an uncursed ring of flight
 z - a +2 ring of strength (left hand)
 G - an amulet of magic regeneration (around neck)
 P - an uncursed ring of protection from cold
 S - a +5 ring of protection (right hand)
Wands
 f - a wand of flame (24)
 E - a wand of digging (13)
 I - a wand of acid (7)
 W - a wand of disintegration (14)
 Z - a wand of paralysis (17)
Scrolls
 a - 2 scrolls of silence {unknown}
 i - 5 scrolls of magic mapping
 k - 4 scrolls of remove curse
 p - 2 scrolls of identify
 r - a scroll of fog {unknown}
 s - 3 scrolls of noise {unknown}
 u - 2 scrolls of enchant weapon {unknown}
 y - 12 scrolls of teleportation
 A - 2 scrolls of acquirement {unknown}
 D - 3 scrolls of blinking {unknown}
 M - a scroll of immolation {unknown}
 N - 2 scrolls of vulnerability {unknown}
 R - 4 scrolls of enchant armour {unknown}
Potions
 b - a potion of ambrosia {unknown}
 d - a potion of berserk rage {unknown}
 h - 4 potions of mutation
 j - 2 potions of degeneration {unknown}
 l - 6 potions of curing
 m - 3 potions of heal wounds
 q - 3 potions of resistance {unknown}
 v - a potion of cancellation {unknown}
 w - a potion of might {unknown}
 x - 4 potions of flight
 F - 2 potions of haste {unknown}
 L - 2 potions of lignification
 O - 2 potions of agility
 Q - 2 potions of magic {unknown}
 X - a potion of brilliance {unknown}
Comestibles
 c - 33 rations
 V - 43 chunks of flesh


   Skills:
 - Level 13.0 Fighting
 * Level 16.6 Long Blades
 - Level 10.0 Armour
 - Level 12.0 Dodging


You had 12 spell levels left.
You didn't know any spells.

Dungeon Overview and Level Annotations

Branches:
Dungeon (10/15)            Temple (1/1) D:5            Lair (3/6) D:8
 Shoals (0/4) Lair:3          Orc (0/2) D:10
  Snake: Lair:2-4    Spider: Lair:2-4

Altars:
Ashenzari
Cheibriados
Elyvilon
Fedhas
Gozag
Makhleb
Nemelex Xobeh
Qazlal
Ru
Trog
Wu Jian
Xom
Zin
The Shining One

Shops:
D:5 (   D:6 !   D:8 }   D:9 *

Annotations:
D:6 exclusion: oklob plant


Innate Abilities, Weirdness & Mutations

You reflexively headbutt those who attack you in melee.
You have a pair of horns on your head.


Message History

You feel resistant to hostile enchantments.
You feel quite a bit more hungry.
The elephant tramples you but does no damage.
The elephant misses you. The elephant tramples you!
* * * LOW HITPOINT WARNING * * *
You hold your ground!
The elephant trunk-slaps you but does no damage.
You slice the elephant!!
You kill the elephant!
Trog accepts your kill.
The elephant tramples you but does no damage.
The elephant trunk-slaps you but does no damage.
You slash the elephant!
The elephant is moderately wounded.
The elephant tramples you but does no damage.
The elephant closely misses you.
You slash the elephant! You headbutt the elephant!
The elephant is severely wounded.
The elephant tramples you!
You die...

### # ##.#### ###### ##
###P##..#.P###@Y#.##†#.####
#...P.........††.).........
#.PP...##.................
#..#...###......#.####....
# #..##......##.## #..
##.........#### . #.
##..#PP.....##. #.
#P.###P........ #.##..#
#......#..


You could see an elephant.

Vanquished Creatures
  Gastronok (D:8)
  Erolcha (D:9)
  Erica (Lair:1)
  5 two-headed ogres
  A queen ant (Lair:2)
  The ghost of Freyura the Basher, a novice GrFi of Okawaru (D:9)
  Pikel (D:9)
  5 elephants (Lair:3)
  Psyche (D:9)
  A black mamba (Lair:3)
  2 spiny frogs
  A gargoyle (D:10)
  5 komodo dragons
  A rime drake (Lair:3)
  3 trolls
  The ghost of SciVoid the Chopper, an amateur DsAK of Lugonu (D:5)
  2 hornets
  4 blink frogs (Lair:1)
  A spriggan (D:9)
  2 wyverns
  24 yaks
  A basilisk (Lair:1)
  5 water moccasins
  21 soldier ants
  Duvessa (D:7)
  6 porcupines
  An ice beast (D:7)
  A sky beast (D:9)
  4 orc warriors
  3 eyes of draining
  6 centaurs
  9 wolves (Lair:1)
  6 ogres
  4 crocodiles
  2 big kobolds
  8 bullfrogs
  A gnoll sergeant (D:10)
  A wyvern zombie (D:9)
  A water moccasin zombie (D:7)
  A wyvern skeleton (D:10)
  5 scorpions
  10 killer bees
  Dowan (D:7)
  5 wights (D:8)
  2 howler monkeys
  8 crimson imps
  A bullfrog zombie (D:7)
  8 hounds
  2 quasits
  4 jellies
  A bullfrog skeleton (D:9)
  A centaur skeleton (D:6)
  2 orc priests (D:5)
  12 orc wizards
  Jessica (D:3)
  Natasha (thrice) (D:3)
  5 iguanas
  30 worker ants
  2 hound skeletons (D:10)
  Robin (D:4)
  13 gnolls
  11 adders
  2 shadow imps
  An ooze (D:3)
  2 adder skeletons (D:4)
  3 worms
  2 dart slugs (D:2)
  6 leopard geckos
  37 orcs
  3 ball pythons
  10 giant cockroaches
  19 goblins
  11 hobgoblins
  10 jackals
  11 kobolds
  4 bats
  A frilled lizard (D:5)
  A jackal zombie (D:6)
  A leopard gecko skeleton (D:5)
  6 rats
  A butterfly (Lair:3)
  2 plants
407 creatures vanquished.

Vanquished Creatures (others)
  A fungus (Lair:1)
1 creature vanquished.

Grand Total: 408 creatures vanquished

Notes
Turn   | Place    | Note
-------+----------+-------------------------------------------
     0 | D:1      | skd the Minotaur Berserker began the quest for the Orb.
     0 | D:1      | Reached XP level 1. HP: 19/19 MP: 0/0
   121 | D:1      | Reached skill level 4 in Long Blades
   214 | D:1      | Reached XP level 2. HP: 24/26 MP: 1/1
   488 | D:1      | Reached skill level 5 in Long Blades
   673 | D:1      | Reached XP level 3. HP: 31/31 MP: 2/2
   809 | D:2      | Found a sacrificial altar of Ru.
   812 | D:2      | Reached ** piety under Trog
  1077 | D:2      | Noticed an orc warrior
  1082 | D:2      | Reached skill level 6 in Long Blades
  1082 | D:2      | Reached XP level 4. HP: 39/39 MP: 3/3
  1092 | D:2      | Killed an orc warrior
  1092 | D:2      | Reached skill level 7 in Long Blades
  1092 | D:2      | Reached XP level 5. HP: 45/45 MP: 4/4
  1640 | D:3      | Noticed Jessica
  1643 | D:3      | Noticed Natasha
  1656 | D:3      | Killed Natasha
  1656 | D:3      | Reached skill level 8 in Long Blades
  1658 | D:3      | Killed Jessica
  1658 | D:3      | Reached XP level 6. HP: 51/51 MP: 5/5
  1696 | D:3      | Noticed Natasha
  1708 | D:3      | Killed Natasha
  1860 | D:3      | Noticed Natasha
  1861 | D:3      | Found a glowing golden altar of the Shining One.
  1872 | D:3      | Killed Natasha
  1908 | D:3      | Found a bloodstained altar of Trog.
  1923 | D:3      | Reached skill level 5 in Fighting
  2181 | D:3      | Reached XP level 7. HP: 63/63 MP: 6/6
  2502 | D:4      | Noticed Robin
  2511 | D:4      | Killed Robin
  2920 | D:4      | Reached *** piety under Trog
  3023 | D:4      | Found an ornate altar of the Wu Jian Council.
  3043 | D:4      | Found a glowing silver altar of Zin.
  3275 | D:5      | Entered Level 5 of the Dungeon
  3275 | D:5      | Found a staircase to the Ecumenical Temple.
  3297 | Temple   | Entered the Ecumenical Temple
  3311 | D:5      | Reached XP level 8. HP: 78/78 MP: 7/7
  3424 | D:5      | Noticed SciVoid's ghost (amateur DsAK)
  3431 | D:5      | Killed SciVoid's ghost
  3431 | D:5      | Reached skill level 5 in Armour
  3528 | D:5      | Found Duifirig's Antique Weapon Boutique.
  3541 | D:5      | Bought a runed great sword for 218 gold pieces
  3635 | D:5      | Found a shimmering altar of Xom.
  3693 | D:5      | Got a crystal trident
  3914 | D:6      | Found Ofeor's Distillery.
  3921 | D:6      | Bought a potion of curing for 33 gold pieces
  3921 | D:6      | Bought a potion of heal wounds for 55 gold pieces
  3921 | D:6      | Bought a potion of lignification for 33 gold pieces
  4050 | D:6      | Reached **** piety under Trog
  4110 | D:6      | Reached XP level 9. HP: 81/83 MP: 8/8
  4196 | D:6      | Found an opulent altar of Gozag.
  4196 | D:6      | Noticed an oklob plant
  4215 | D:6      | Found a burning altar of Makhleb.
  4599 | D:7      | Reached skill level 9 in Long Blades
  4731 | D:7      | Found a white marble altar of Elyvilon.
  4731 | D:7      | Found a blossoming altar of Fedhas.
  4736 | D:7      | Found a sparkling altar of Nemelex Xobeh.
  4738 | D:7      | Found a stormy altar of Qazlal.
  4740 | D:7      | Found a snail-covered altar of Cheibriados.
  4907 | D:7      | Reached skill level 10 in Long Blades
  4908 | D:7      | Noticed a troll
  4911 | D:7      | Killed a troll
  4971 | D:7      | Noticed Dowan
  4972 | D:7      | Noticed Duvessa
  4975 | D:7      | Killed Dowan
  4977 | D:7      | Reached skill level 11 in Long Blades
  4982 | D:7      | Killed Duvessa
  5466 | D:8      | Found Okabled's Gadget Shop.
  5491 | D:8      | Reached skill level 12 in Long Blades
  5498 | D:8      | Noticed a two-headed ogre
  5504 | D:8      | Killed a two-headed ogre
  5504 | D:8      | Reached XP level 10. HP: 62/91 MP: 9/9
  5506 | D:8      | Paralysed by a hornet for 3 turns
  5545 | D:8      | Noticed Gastronok
  5551 | D:8      | Reached skill level 13 in Long Blades
  5564 | D:8      | Killed Gastronok
  5564 | D:8      | Reached skill level 14 in Long Blades
  5640 | D:8      | Reached ***** piety under Trog
  5674 | D:8      | Found a staircase to the Lair.
  5795 | D:8      | Found a shattered altar of Ashenzari.
  5806 | D:8      | Reached skill level 15 in Long Blades
  6069 | D:9      | Noticed Freyura's ghost (novice GrFi)
  6079 | D:9      | Killed Freyura's ghost
  6102 | D:9      | Noticed Erolcha
  6140 | D:9      | Killed Erolcha
  6140 | D:9      | Reached XP level 11. HP: 97/97 MP: 10/10
  6212 | D:9      | Found Ewky's Book Boutique.
  6285 | D:9      | Noticed a two-headed ogre
  6296 | D:9      | Killed a two-headed ogre
  6317 | D:9      | Noticed a two-headed ogre
  6320 | D:9      | Killed a two-headed ogre
  6386 | D:9      | Noticed Psyche
  6392 | D:9      | Killed Psyche
  6398 | D:9      | Found Enwan Raf's Serpentskin Sales.
  6415 | D:9      | Noticed Pikel
  6420 | D:9      | Killed Pikel
  6505 | D:9      | Noticed a two-headed ogre
  6508 | D:9      | Killed a two-headed ogre
  6508 | D:9      | Reached skill level 10 in Fighting
  6711 | D:10     | Entered Level 10 of the Dungeon
  6792 | D:10     | Noticed a two-headed ogre
  6799 | D:10     | Killed a two-headed ogre
  7099 | D:10     | Reached XP level 12. HP: 65/113 MP: 11/11
  7108 | D:10     | Received a gift from Trog
  7496 | D:10     | Reached ****** piety under Trog
  7506 | D:10     | Found a staircase to the Orcish Mines.
  7621 | Lair:1   | Entered Level 1 of the Lair of Beasts
  7837 | Lair:1   | Reached skill level 10 in Armour
  7979 | Lair:1   | Got a smelly chain mail
  7980 | Lair:1   | Identified the +1 chain mail "Diomiwk" {*Contam rC+ MR+} (You found it on level 1 of the Lair of Beasts)
  7999 | Lair:1   | Noticed Erica
  8005 | Lair:1   | Killed Erica
  8087 | Lair:1   | Reached skill level 10 in Dodging
  8746 | Lair:2   | Noticed a queen ant
  8764 | Lair:2   | Killed a queen ant
  9416 | Lair:3   | Found a staircase to the Shoals.
  9431 | Lair:3   | Reached skill level 16 in Long Blades
  9459 | Lair:3   | Found a shimmering altar of Xom.
  9484 | Lair:3   | Reached XP level 13. HP: 116/122 MP: 12/12
  9559 | Lair:3   | Received a gift from Trog
  9570 | Lair:3   | Slain by an elephant

Skill      XL: |  1  2  3  4  5  6  7  8  9 10 11 12 |
---------------+-------------------------------------+-----
Long Blades    | 4 5 6 7 8 12 15 16 | 16.6
Fighting       | 6 9 12 13 | 13.0
Armour         | 8 9 10 | 10.0
Dodging        | 6 9 12 | 12.0

Action                   |  1- 3 |  4- 6 |  7- 9 | 10-12 | 13-15 || total
-------------------------+-------+-------+-------+-------+-------++-------
Melee: Falchion          |    89 |   118 |   147 |       |       ||   354
       Headbutt          |    10 |    20 |    58 |    97 |     8 ||   193
       Great sword       |       |       |   116 |   185 |       ||   301
       Triple sword      |       |       |       |   227 |    29 ||   256
Invok: Berserk           |     1 |     4 |    10 |     8 |       ||    23
       Trog's Hand       |       |       |     1 |     2 |     1 ||     4
       Burn Spellbooks   |       |       |     1 |     3 |       ||     4
  Use: Scroll            |       |       |     5 |     4 |       ||     9
  Eat: Chunk             |     1 |     7 |    20 |    23 |       ||    51
Armor: Animal skin       |     1 |       |       |       |       ||     1
       Chain mail        |    51 |     2 |       |    99 |    26 ||   178
       Plate armour      |       |    53 |   160 |   148 |       ||   361
Dodge: Dodged            |    43 |    32 |   102 |   244 |    30 ||   451
       Rpst.: Falchion   |    11 |     5 |    19 |       |       ||    35
       Great sword       |       |       |    11 |    29 |       ||    40
       Triple sword      |       |       |       |    51 |     6 ||    57
